 Dungeon Crawl Stone Soup version 0.31-a0-7-g51783674b7 (webtiles) character file.

Game seed: 17696739691179213635

1503 BlueFish the Covert (level 8, 0/55 HPs)
             Began as an Octopode Fighter on May 5, 2023.
             Shot with an arrow by a centaur (8 damage)
             ... on level 6 of the Dungeon.
             The game lasted 00:08:02 (4758 turns).

BlueFish the Covert (Octopode Fighter)              Turns: 4758, Time: 00:08:02

Health: 0/55       AC:  1    Str: 18    XL:     8   Next: 82%
Magic:  8/8        EV: 14    Int: 12    God:
Gold:   120        SH:  5    Dex: 11    Spells: 7/7 levels left

rFire   . . .        a - +3 mace "Umootor" {speed, Int+2}
rCold   . . .        b - +0 buckler
rNeg    . . .        (helmet restricted)
rPois   .            m - amulet of faith
rElec   .            i - ring of willpower
rCorr   .            (no ring)
SInv    .            (no ring)
Will    +....        (no ring)
Stlth   +++++        (no ring)
HPRegen 0.29/turn    (no ring)
MPRegen 0.11/turn    (no ring)
                     (no ring)

%: faith
@: about to teleport
A: almost no armour, amphibious, 8 rings, camouflage 1, gelatinous body 1,
(nimble swimmer 1), tentacles
a: no special abilities


You were on level 6 of the Dungeon.
You visited 1 branch of the dungeon, and saw 6 of its levels.
You also visited: Sewer.

You collected 304 gold pieces.
You spent 184 gold pieces at shops.

Inventory:

Hand Weapons
 a - the +3 mace "Umootor" (weapon) {speed, Int+2}
   (You found it on level 4 of the Dungeon)

   Int:       It affects your intelligence (+2).
 B - a +0 rapier
 C - a +1 dagger of venom
 J - the +1 mace of Cowardice {flame, Dex+4}
   (You bought it in a shop on level 6 of the Dungeon)

   Dex:       It affects your dexterity (+4).
Missiles
 d - 2 throwing nets
 g - 51 stones (quivered)
 j - 8 poisoned darts
 p - 6 atropa-tipped darts
 r - 2 boomerangs
 F - 3 javelins
Armour
 b - a +0 buckler (worn)
Jewellery
 i - a ring of willpower (left tentacle)
 m - an amulet of faith (around mantle)
Wands
 y - a wand of paralysis (2)
 H - a wand of acid (8)
Scrolls
 k - 2 scrolls of immolation {unknown}
 l - a scroll of noise {unknown}
 o - 2 scrolls of magic mapping {unknown}
 s - 3 scrolls of teleportation
 t - 3 scrolls of fog {unknown}
 v - 3 scrolls of identify {unknown}
 w - 3 scrolls of poison {unknown}
 D - a scroll of butterflies {unknown}
 E - 3 scrolls of enchant weapon {unknown}
 G - a scroll of brand weapon {unknown}
 I - a scroll of amnesia {unknown}
Potions
 c - 2 potions of might
 e - a potion of brilliance {unknown}
 f - 3 potions of heal wounds {unknown}
 h - a potion of haste {unknown}
 n - a potion of lignification {unknown}
 q - 3 potions of flight {unknown}
 u - 2 potions of degeneration {unknown}
 x - a potion of curing {unknown}
 z - 3 potions of berserk rage {unknown}
 A - 2 potions of magic {unknown}


   Skills:
 + Level 5.0 Fighting
 - Level 3.6 Short Blades
 + Level 2.2 Maces & Flails
 + Level 3.6 Throwing
 + Level 5.0 Dodging
 * Level 8.0 Stealth
 + Level 4.9 Shields
 + Level 0.0 Evocations


You had 7 spell levels left.
You didn't know any spells.
Your spell library contained the following spells:

 Spells                   Type           Power      Damage    Failure   Level
 Call Canine Familiar     Summ           0%         N/A       77%         3
 Portal Projectile        Hex/Tloc       0%         N/A       77%         3
 Leda's Liquefaction      Hex/Erth       0%         N/A       99%         4


Dungeon Overview and Level Annotations

Branches:
Dungeon (6/15)             Temple (0/1) D:4           Sewer (visited)

Altars:
Okawaru
Ru
Uskayaw
Xom

Shops:
D:6 (

Annotations:
D:3 2 transporters, retardedninja's ghost, amateur GnFE


Innate Abilities, Weirdness & Mutations

You cannot wear most types of armour.
You are amphibious.
You can wear up to eight rings at the same time.
Your skin changes colour to match your surroundings (Stealth+).
Your rubbery body absorbs attacks. (AC +1, EV +1)
((You are camouflaged when in or above water. (Stealth+)))
You have tentacles for arms and can constrict up to eight enemies at once.


Message History

You open the door.
Found Cuvob's Antique Weapon Emporium.
There is an open door here.
There is an entrance to Cuvob's Antique Weapon Emporium here.
J - the +1 mace of Cowardice {flame, Dex+4} Thank you for shopping at Cuvob's Antique Weapon Emporium!
You open the door.
There is an open door here.
Found a dagger.
Found an escape hatch in the floor.
An orc comes into view. It is wielding a +0 club.
A centaur and a black bear come into view.
You hit the orc. Your grab misses the orc.
The orc is severely wounded.
The orc hits you with a +0 club.
You hit the orc.
You kill the orc!
Things that are here:
a +0 club; an orc corpse 2 orcs come into view.
An orc is wielding a +2 falchion of holy wrath.
The centaur wields a +0 shortbow.
The centaur shoots an arrow.
The arrow closely misses you.
The centaur shoots an arrow.
The arrow hits you!
An orc comes into view. It is wielding a +0 whip of venom.
The centaur shoots an arrow.
You block the arrow.
The orc shouts! x2
The centaur shoots an arrow.
The arrow hits you!
The centaur shoots an arrow.
The arrow hits you!
* * * LOW HITPOINT WARNING * * *
Okay, then.
Okay, then.
The centaur shoots an arrow.
You block the arrow.
Things that are here:
a +0 club; an orc corpse The centaur shoots an arrow.
The arrow hits you!
* * * LOW HITPOINT WARNING * * *
As you read the scroll labelled SUANIH GIXANGOE, it crumbles to dust.
You feel strangely unstable.
It was a scroll of teleportation.
The centaur shoots an arrow.
The arrow hits you!
You die...

#####.......##.....o.#
####...#.......##.......#
.....#.........##.......#
.#..###........####co.###
...## ##.......# #.#.#
....# #........#
#)#o####>. .#.##
##.#.....####.c.......
####
####....#....#.####.. #
##....@##.#..# ####
####.).......)#.# .#.##
##.#.....####..#.# ....#
+....##.## #..#.. ...##
##..###...# #...#.h
#...###..## ###..##)#....
.##..#...# #.......#
.......#.# ..#.#
....####)# #.#.#


You could see a centaur and an orc.

Vanquished Creatures
  Grinder (D:4)
  Sigmund (D:2)
  Edmund (D:5)
  An ice beast (D:4)
  2 ogres (D:5)
  A sky beast (D:4)
  2 scorpions (D:5)
  A jelly (D:5)
  An orc priest (D:4)
  4 hounds (D:5)
  2 sleepcaps
  An iguana (D:5)
  2 orc wizards (D:4)
  Ijyb (D:4)
  A hell rat (Sewer)
  Robin (D:4)
  2 gnolls
  7 adders
  3 shadow imps
  A white imp (D:6)
  A worm (D:3)
  2 dart slugs
  7 orcs
  2 ball pythons (D:1)
  9 endoplasms
  5 giant cockroaches
  8 hobgoblins
  3 jackals (D:1)
  3 quokkas
  7 bats
  2 frilled lizards
  12 goblins
  7 kobolds
  7 rats
111 creatures vanquished.

Notes
Turn   | Place    | Note
-------+----------+-------------------------------------------
     0 | D:1      | BlueFish the Octopode Fighter began the quest for the Orb.
     0 | D:1      | Reached XP level 1. HP: 16/16 MP: 1/1
    57 | D:1      | Reached skill level 1 in Stealth
    59 | D:1      | Reached XP level 2. HP: 14/21 MP: 2/2
   349 | D:1      | Reached skill level 2 in Stealth
   353 | D:1      | Reached XP level 3. HP: 19/26 MP: 3/3
   654 | D:2      | Found a shimmering altar of Xom.
   771 | D:2      | Noticed Sigmund
   827 | D:2      | Found a faded altar of an unknown god.
   835 | D:2      | Reached XP level 4. HP: 30/31 MP: 4/4
  1444 | D:2      | Killed Sigmund
  1445 | D:2      | Reached skill level 1 in Throwing
  1445 | D:2      | Reached skill level 4 in Stealth
  1445 | D:2      | Reached XP level 5. HP: 26/37 MP: 5/5
  1866 | D:3      | Found a transporter.
  1867 | D:3      | Noticed an ogre
  1870 | D:3      | Found a transporter.
  1870 | D:3      | Noticed retardedninja's ghost (amateur GnFE)
  1871 | D:3      | Noticed an ogre
  1915 | D:3      | Reached XP level 6. HP: 43/43 MP: 6/6
  2122 | D:4      | Noticed Grinder
  2129 | D:4      | Killed Grinder
  2130 | D:4      | Reached skill level 5 in Stealth
  2246 | D:4      | Noticed an ice beast
  2270 | D:4      | Noticed Robin
  2277 | D:4      | Reached XP level 7. HP: 36/48 MP: 7/7
  2279 | D:4      | Found a sacrificial altar of Ru.
  2279 | D:4      | Found a hide-covered altar of Uskayaw.
  2279 | D:4      | Found a shimmering altar of Xom.
  2279 | D:4      | Found an iron altar of Okawaru.
  2337 | D:4      | Killed Robin
  2419 | D:4      | Noticed Ijyb
  2428 | D:4      | Killed Ijyb
  2662 | D:4      | Reached skill level 6 in Stealth
  2881 | D:4      | Found a staircase to the Ecumenical Temple.
  3035 | D:4      | Identified the +3 mace "Umootor" {speed, Int+2}
  3407 | D:5      | Entered Level 5 of the Dungeon
  3599 | D:5      | Reached skill level 1 in Maces & Flails
  3599 | D:5      | Reached XP level 8. HP: 27/54 MP: 8/8
  3647 | D:5      | Found a glowing drain.
  3648 | D:5      | Noticed Edmund
  3666 | D:5      | Killed Edmund
  3667 | D:5      | Reached skill level 7 in Stealth
  3686 | Sewer    | Entered a sewer
  4221 | D:5      | Reached skill level 5 in Dodging
  4244 | D:5      | Reached skill level 5 in Fighting
  4244 | D:5      | Reached skill level 8 in Stealth
  4689 | D:6      | Found Cuvob's Antique Weapon Emporium.
  4694 | D:6      | Bought a pitted mace for 184 gold pieces
  4694 | D:6      | Identified the +1 mace of Cowardice {flame, Dex+4} (You
                  | bought it in a shop on level 6 of the Dungeon)
  4758 | D:6      | Shot with an arrow by a centaur

Illustrated notes

Levels and vault maps discovered:
D:1:      dpeg_arrival_shrine, layout_rooms
D:2:      layout_loops_ring, basic_altar,
          shapermc_ecumenical_altar_starsandcircs, kennysheep_generic_room_15,
          uniq_sigmund
D:3:      layout_loops_cross, gammafunk_ghost_smash
D:4:      layout_loops_ring, chequers_temple_overflow_statue_of_worship,
          minmay_temple_entry_antechambers, uniq_grinder, uniq_ijyb, uniq_robin
D:5:      layout_rooms, gup_sewer_entry_glass, uniq_edmund
D:6:      layout_rooms, serial_shops, nicolae_shop_hallway_plus,
          minmay_fractal_squares_gapless_5

Skill      XL: |  1  2  3  4  5  6  7  8 |
---------------+-------------------------+-----
Stealth        | 1 2 4 5 6 8 |  8.0
Throwing       | 1 2 3 |  3.6
Fighting       | 4 5 |  5.0
Short Blades   | 3 |  3.6
Dodging        | 4 5 |  5.0
Shields        | 4 |  4.9
Maces & Flails | 1 2 |  2.2

Action                     |  1- 3 |  4- 6 |  7- 9 || total
---------------------------+-------+-------+-------++-------
  Melee: Rapier            |    71 |    35 |    31 ||   137
         Tentacles         |    15 |     6 |    43 ||    64
         Constrict         |    12 |     8 |    38 ||    58
         Punch             |     3 |     1 |     1 ||     5
         Dagger            |       |       |    32 ||    32
         Mace              |       |       |    79 ||    79
  Throw: Dart              |       |       |     8 ||     8
         Stone             |       |       |     1 ||     1
    Use: Scroll            |       |       |     1 ||     1
   Stab: Sleeping          |     6 |     6 |    12 ||    24
         Invisible         |       |       |     2 ||     2
 Armour: Skin              |     4 |     2 |     2 ||     8
  Dodge: Dodged            |    47 |    17 |    49 ||   113
  Block: Buckler           |    10 |     3 |    22 ||    35

Table legend: (Time is in decaauts)
 A = Elapsed time spent in this place.
 B = Non-inter-level travel time spent in this place.
 C = Inter-level travel time spent in this place.
 D = Time resting spent in this place.
 E = Time spent auto-exploring this place.
 F = Levels seen in this place.
 G = Mean time per level.
                   A        B        C        D        E       F      G
               +--------+--------+--------+--------+--------+-----+--------+
         Total |   4757 |   4616 |    141 |      5 |   3693 |   7 |  679.6 |
       Dungeon |   4622 |   4481 |    141 |      5 |   3602 |   6 |  770.3 |
         Sewer |    135 |    135 |      0 |      0 |     91 |   1 |  135.0 |
               +--------+--------+--------+--------+--------+-----+--------+

Top non-repeatable levels by time:
     D:4: 1293 daAuts
     D:2: 866 daAuts
     D:5: 830 daAuts
     D:1: 659 daAuts
     D:3: 596 daAuts
     D:6: 376 daAuts
   Sewer: 135 daAuts
